Map: Bel'Shir Vestige LE (Void)

Players

JohnType

  • Race: Terran Terran
  • League: Master
  • Spawn Location: 5:00

Musumeci - Winner!

  • Race: Zerg Zerg
  • League: Diamond
  • Spawn Location: 11:00

VOD

Have the link to the VOD?

Description

Time

  • Played on: March 24, 2017, 6:20 a.m.
  • Length: 21:54
Show
View Real Time Build Order
Export as new Build Order

JohnType Terran 

Build Orders: Reaper Expand, MMM Bio 

Get SALT Encoding   

  12  0:00  SCV  
  13  0:12  SCV  
  14  0:17  Supply Depot  
  14  0:25  SCV  
  15  0:39  SCV  
  15  0:40  Barracks  
  16  0:44  Refinery  
  16  0:51  SCV  
  17  1:03  SCV  
  18  1:15  SCV  
  19  1:29  Orbital Command, Reaper  
  20  1:42  Command Center  
  20  1:54  SCV  
  20  1:57  Supply Depot  
  20  2:00  Marine  
  22  2:08  Factory  
  22  2:17  SCV  
  22  2:22  Barracks Reactor  
  23  2:29  SCV  
  24  2:41  SCV  
  25  2:49  Command Center  
  25  2:53  Orbital Command  
  25  2:54  SCV  
  25  2:57  Widow Mine  
  28  2:59  Marine x2  
  30  3:06  SCV  
  31  3:18  SCV  
  32  3:20  SCV  
  32  3:27  Barracks Tech Lab  
  32  3:30  SCV  
  32  3:33  SCV  
  34  3:38  Hellion x2  
  38  3:42  SCV  
  38  3:45  SCV  
  38  3:47  Marine  
  38  3:48  Stimpack  
  41  3:50  Refinery  
  41  3:54  SCV, Barracks  
  42  3:57  SCV  
  42  3:58  Barracks  
  42  4:00  Hellion  
  42  4:01  Hellion  
  47  4:04  Marine  
  47  4:06  Orbital Command, SCV  
  47  4:09  SCV  
  50  4:18  SCV  
  50  4:21  SCV  
  50  4:22  Marine  
  53  4:25  Engineering Bay  
  53  4:27  Refinery, Engineering Bay  
  53  4:30  SCV  
  54  4:33  SCV x2  
  56  4:39  Factory Reactor  
  56  4:40  Refinery, Marine  
  56  4:42  SCV  
  56  4:43  Supply Depot  
  58  4:48  Supply Depot  
  58  4:52  SCV x2  
  60  4:54  Barracks Reactor  
  60  4:55  SCV  
  60  4:56  Terran Infantry Weapons Level 1  
  60  4:57  Terran Infantry Armor Level 1  
  61  5:04  SCV, Marine x3  
  67  5:07  SCV  
  67  5:11  Orbital Command, Supply Depot  
  66  5:16  SCV  
  67  5:22  Marine x3  
  67  5:25  Starport, SCV  
  71  5:28  SCV  
  71  5:29  Barracks  
  71  5:30  Factory Reactor  
  71  5:31  Barracks  
  71  5:33  Marine x2  
  74  5:37  Supply Depot  
  74  5:38  SCV  
  74  5:40  SCV, Marine x2  
  78  5:44  Bunker  
  78  5:47  Marine  
  78  5:48  Supply Depot  
  79  5:51  Marine  
  79  5:53  SCV x2  
  79  5:56  Marine  
  79  5:57  Armory, Marine  
  83  5:58  Combat Shields  
  83  6:00  Marine  
  85  6:05  SCV x3  
  88  6:17  SCV x2  
  83  6:19  Marine x2  
  83  6:21  Barracks Reactor, Medivac x2  
  83  6:22  Barracks Reactor  
  85  6:27  SCV  
  85  6:29  SCV x2  
  88  6:33  Factory Tech Lab, Marine x3  
  88  6:37  Marine x2  
  88  6:39  SCV  
  94  6:41  SCV x2  
  96  6:51  SCV, Marine x2  
  96  6:53  SCV x2  
  101  6:55  Supply Depot  
  101  6:56  Supply Depot  
  101  6:59  Supply Depot  
  101  7:02  Supply Depot  
  101  7:03  Terran Infantry Weapons Level 2  
  101  7:06  Terran Infantry Armor Level 2  
  101  7:16  SCV, Marine x7  
  101  7:17  Marine x2, Medivac  
  113  7:24  Siege Tank  
  113  7:25  Medivac  
  118  7:33  Supply Depot  
  118  7:34  Marauder, Missile Turret, Marine x5  
  118  7:35  Missile Turret, Marine  
  118  7:36  Supply Depot  
  118  7:37  Missile Turret, Marine  
  127  7:45  Marine  
  127  7:47  Medivac  
  130  7:51  Marine x3  
  130  7:55  SCV x2, Marine x2, Medivac, Refinery  
  130  7:56  Marauder  
  130  7:58  Marine x2  
  142  8:02  Terran Vehicle Weapons Level 1  
  142  8:03  Marine  
  144  8:09  Marine x3  
  144  8:12  Marine x2  
  149  8:20  Barracks  
  149  8:22  Supply Depot  
  149  8:24  Barracks, Marine, Supply Depot x2  
  149  8:25  Marauder, Barracks, Siege Tank  
  155  8:28  Marine, Command Center  
  155  8:33  Marine  
  157  8:41  Supply Depot  
  157  8:42  Supply Depot  
  157  8:43  Marine, Medivac x2  
  157  8:46  Marauder  
  164  8:53  Marine x6  
  164  8:54  Marine  
  171  8:57  Siege Tank  
  171  9:01  Marine  
  175  9:08  Marauder  
  167  9:11  Marine  
  167  9:13  Marine x5, Medivac  
  167  9:14  Barracks Tech Lab x2  
  175  9:25  Marine  
  175  9:26  Marine x3  
  175  9:27  Medivac  
  175  9:28  Marine  
  175  9:29  Marauder  
  175  9:31  Marine x2, Siege Tank  
  185  9:33  Terran Infantry Weapons Level 3  
  185  9:34  Terran Infantry Armor Level 3  
  185  9:37  Concussive Shells  
  189  9:51  Marauder  
  187  9:54  Marauder  
  187  9:56  Marauder, Marine x2  
  189  10:02  Marine x3  
  187  10:12  Marauder  
  177  10:16  Marauder, Marine  
  177  10:18  Marauder  
  150  10:28  Marine  
  150  10:29  Marine x7  
  150  10:31  Terran Vehicle Weapons Level 2  
  150  10:33  Marauder  
  160  10:37  Marauder  
  160  10:39  Marauder  
  160  10:42  Marine x2  
  163  10:44  Siege Tank  
  163  10:45  Orbital Command  
  163  10:46  Marine  
  169  10:50  Sensor Tower  
  169  10:52  Refinery  
  169  10:55  Marauder  
  171  10:58  Marauder  
  171  11:00  Marauder  
  174  11:12  Marine  
  174  11:13  Marine x7  
  174  11:14  Marine x2  
  174  11:16  Marauder  
  186  11:20  Marauder  
  186  11:22  Marauder  
  186  11:23  Siege Tank  
  193  11:27  Starport  
  193  11:30  Starport, Marine x2  
  193  11:31  Armory, Marine  
  196  11:33  Fusion Core  
  196  11:37  Marauder  
  198  11:41  Marauder  
  200  11:53  Refinery  
  184  12:21  Marine  
  184  12:22  Marauder, Marine  
  168  12:24  Marauder x2, Marine x3  
  171  12:34  Marine  
  171  12:39  Marine  
  171  12:40  Marine x3  
  171  12:43  Marauder  
  159  12:46  Marauder x2  
  163  13:05  Marauder  
  165  13:07  Marauder x2  
  164  13:14  Planetary Fortress  
  157  13:21  Marine x2  
  157  13:26  Marauder  
  156  13:27  Marine x4  
  156  13:28  Marauder x2, Marine x4  
  146  13:39  Marine  
  146  13:40  Starport Tech Lab x2  
  146  13:43  Terran Vehicle And Ship Armor Level 1, Terran Ship Weapons Level 1  
  146  13:46  Marine x2  
  146  13:47  Marauder  
  150  13:50  Marauder x2  
  149  14:09  Marauder  
  146  14:10  Marine  
  146  14:11  Marauder x2  
  146  14:13  Marine  
  134  14:22  Marine x3  
  134  14:23  Marine  
  132  14:30  Marauder  
  121  14:32  Marauder  
  121  14:33  Marauder  
  121  14:35  Marine  
  121  14:39  Marine x4  
  124  14:51  Marine  
  124  14:52  Marauder  
  126  14:54  Marauder x2  
  126  14:55  Marine x2  
  126  14:59  Marine  
  128  15:13  Marauder  
  112  15:14  Marine x2  
  112  15:15  Marauder  
  113  15:29  Marine x2  
  113  15:30  Marauder  
  114  15:56  SCV x3  
  117  16:08  SCV x2  
  117  16:09  Marine x2  
  117  16:10  Marauder  
  123  16:13  Marine x7  
  123  16:14  Marauder  
  124  16:36  Marine  
  124  16:37  Marauder x2, Marine  
  122  16:40  Medivac  
  87  17:02  Marine  
  87  17:03  Marauder x2  
  87  17:04  Marine  
  85  17:08  Marine  
  85  17:12  Marine  
  85  17:40  Medivac  
  87  18:00  Orbital Command  
  69  18:18  Marine  
  62  18:55  Command Center  
  62  19:03  Marine x5  
  62  19:04  Marauder  
  62  19:05  Marine  
  62  19:06  Marine  
  70  19:17  Marine x2  
  70  19:18  Marauder  
  74  19:27  Marine  
  74  19:28  Marauder x2  
  75  19:34  Marine x2  
  75  19:36  Marine x2  
  79  19:44  Marine  
  79  19:45  Marauder, Marine  
  83  19:53  Marine  
  83  19:54  Marauder  
  86  20:10  Marine x2  
  86  20:11  Marauder  
  90  20:22  Marauder, Marine x3  
  95  20:39  Marauder x2, Marine x3  
  79  20:51  Marine  
  79  20:52  Marauder  
  75  20:58  Marine  
  75  21:01  Marauder  
  74  21:04  Marine  
  74  21:06  Marine  
  47  21:32  Marine  
  47  21:33  Marauder, Marine x4  
Show
View Real Time Build Order
Export as new Build Order

Musumeci Zerg - Winner!

Build Orders: Hatch First 

Get SALT Encoding   

  12  0:01  Drone  
  13  0:09  Drone  
  14  0:15  Extractor  
  14  0:16  Drone  
  15  0:42  Hatchery  
  14  0:50  Drone, Extractor  
  15  1:00  Spawning Pool  
  14  1:12  Drone x2, Extractor x2  
  14  1:25  Overlord  
  16  1:44  Drone x2  
  18  1:49  Queen, Drone  
  18  1:53  Queen  
  23  1:56  Drone  
  23  1:59  Drone  
  25  2:05  Overlord  
  25  2:09  Extractor  
  25  2:10  Drone  
  26  2:15  Drone  
  26  2:18  Drone  
  27  2:25  Queen  
  29  2:33  Queen  
  29  2:36  Drone x2  
  33  2:50  Drone  
  33  2:51  Drone x2  
  36  2:58  Overlord  
  36  3:00  Overlord  
  36  3:22  Hatchery  
  35  3:33  Extractor  
  34  3:34  Extractor  
  34  3:36  Drone  
  34  3:37  Drone x9  
  34  3:38  Roach Warren  
  42  3:44  Drone x3  
  45  3:53  Drone x2  
  47  4:11  Evolution Chamber  
  47  4:12  Evolution Chamber  
  45  4:28  Roach x3  
  45  4:30  Overlord  
  51  4:32  Overlord  
  51  4:33  Overlord  
  51  4:34  Overlord  
  51  4:42  Spore Crawler x2  
  51  4:44  Spore Crawler  
  51  4:45  Drone x7  
  55  4:53  Roach  
  55  4:56  Roach x2  
  55  4:58  Roach  
  55  4:59  Roach x4  
  71  5:10  Drone, Extractor  
  71  5:11  Drone  
  71  5:13  Drone  
  73  5:16  Drone, Extractor  
  73  5:18  Drone  
  73  5:20  Drone  
  75  5:51  Drone x12  
  75  5:55  Zerg Missile Weapons Level 1  
  75  5:56  Zerg Ground Armor Level 1  
  87  5:57  Lair  
  87  6:09  Evolution Chamber  
  86  6:29  Drone x4  
  86  6:31  Extractor  
  86  6:32  Extractor  
  88  6:47  Drone x2  
  90  6:50  Overlord x4  
  90  6:51  Overlord  
  90  6:59  Glial Reconstitution  
  93  7:08  Drone x8  
  93  7:10  Ravager  
  93  7:11  Ravager x9  
  93  7:12  Roach  
  93  7:13  Roach  
  112  7:26  Roach  
  112  7:27  Roach x8  
  130  7:39  Overlord x6  
  130  7:48  Infestation Pit  
  129  7:54  Zerg Missile Weapons Level 2  
  129  7:55  Zerg Ground Armor Level 2  
  129  8:33  Roach  
  129  8:34  Roach x19  
  169  8:59  Overlord x8  
  169  9:11  Overlord x2  
  169  9:12  Overlord x4  
  169  9:19  Spore Crawler  
  169  9:21  Hive  
  169  9:23  Spore Crawler  
  174  9:31  Ravager x12  
  179  9:50  Hatchery  
  172  9:54  Extractor  
  149  10:18  Roach  
  149  10:19  Roach x15  
  144  10:26  Hatchery  
  144  10:28  Roach x2  
  145  10:29  Roach x6  
  145  10:30  Ravager  
  145  10:31  Ravager x2  
  160  10:54  Extractor  
  153  11:13  Drone x5  
  153  11:14  Drone  
  153  11:15  Ravager x6  
  165  11:48  Drone  
  165  11:49  Drone x6  
  165  11:50  Drone  
  171  12:14  Zerg Missile Weapons Level 3, Zerg Ground Armor Level 3  
  142  12:34  Roach x15  
  151  12:45  Drone  
  151  12:46  Drone x4  
  149  13:02  Hatchery  
  149  13:03  Roach  
  149  13:04  Roach x4  
  156  13:21  Roach x8  
  147  13:40  Ravager x4  
  147  13:41  Ravager x8  
  154  14:04  Roach  
  154  14:05  Roach x9  
  142  14:15  Roach  
  134  14:21  Roach x3  
  123  14:33  Roach  
  123  14:34  Roach x2  
  102  14:44  Roach x3  
  102  14:54  Ravager x8  
  110  15:06  Roach  
  110  15:07  Roach x5  
  105  15:13  Roach x3  
  99  15:18  Extractor x2  
  94  15:26  Roach x7  
  108  15:36  Roach x3  
  114  15:49  Ravager x7  
  124  15:50  Roach, Ravager x3  
  124  15:51  Roach  
  124  15:57  Hatchery  
  127  16:00  Roach x7, Extractor  
  127  16:01  Roach x2, Extractor  
  132  16:38  Roach x9  
  132  16:39  Roach x8  
  158  16:47  Roach x4  
  147  16:55  Roach  
  147  16:56  Roach x2  
  145  17:18  Roach x10  
  162  17:29  Drone x4  
  166  17:30  Drone x2  
  166  17:34  Ravager x7  
  172  17:41  Roach x6  
  184  17:47  Ravager x4  
  186  18:44  Roach x7  
  186  18:45  Spine Crawler x2  
  198  19:09  Spine Crawler x2  
  196  19:10  Spine Crawler  
  196  19:11  Spine Crawler  
  196  19:13  Spine Crawler  
  196  19:14  Spine Crawler  
  191  20:01  Spore Crawler  
  191  20:03  Spore Crawler  
  191  20:05  Spine Crawler  
  188  20:10  Spore Crawler  
  188  20:13  Spore Crawler  
  186  20:19  Spore Crawler  
  185  21:02  Hatchery  
  184  21:07  Roach  
  184  21:08  Roach x2  
Tags
 
Add a new tag
Caveats
  • Supply blocks, unpowered buildings, or Contaminate may cause inaccurate times.
  • Supply counts are checked every 10 seconds.